 Seeded DCSS version 0.29-a0-923-g6e406bff71 (webtiles) character file.

Game seed: 20220728 (custom seed)

34 purpskrrrp the Trooper (level 3, -1/24 HPs)
             Began as a Gargoyle Monk on July 28, 2022.
             Was a Priest of Cheibriados.
             Slain by a gnoll
             ... wielding a +0 flail of protection
              (10 damage)
             ... on level 2 of the Dungeon.
             The game lasted 00:01:54 (1959 turns).

purpskrrrp the Trooper (Gargoyle Monk)              Turns: 1959, Time: 00:01:55

Health: -1/24      AC:  9    Str: 23    XL:     3   Next: 31%
Magic:  3/3        EV: 11    Int: 17    God:    Cheibriados [***...]
Gold:   85         SH:  0    Dex: 19    Spells: 2/2 levels left

rFire   + . .      SeeInvis .   a - +0 mace (freeze)
rCold   . . .      Faith    .   (no shield)
rNeg    + . .      Spirit   .   f - +0 scale mail {rF+}
rPois   ∞          Reflect  .   (no helmet)
rElec   +          Harm     .   (no cloak)
rCorr   .          Rampage  .   (no gloves)
Will    .....                   (no boots)
Stlth   +.........              (no amulet)
HPRegen 0.08/turn               (no ring)
MPRegen 0.08/turn               (no ring)

@: very slow
A: sickness immunity, AC +3, negative energy resistance 1, electricity
resistance, torment resistance 1, petrification resistance
a: Renounce Religion, Bend Time, Temporal Distortion


You were on level 2 of the Dungeon.
You worshipped Cheibriados.
Cheibriados was most pleased with you.
You visited 1 branch of the dungeon, and saw 2 of its levels.

You collected 85 gold pieces.

Inventory:

Hand Weapons
 a - a +0 mace of freezing (weapon)
Missiles
 i - 4 boomerangs (quivered)
Armour
 b - a +0 robe
 f - a +0 scale mail of fire resistance (worn)
Wands
 k - a wand of digging (4)
Scrolls
 e - a scroll of immolation {unknown}
 h - a scroll of fog {unknown}
 j - a scroll of identify {unknown}
 l - a scroll of amnesia {unknown}
 m - a scroll of blinking {unknown}
Potions
 c - a potion of ambrosia
 d - a potion of invisibility {unknown}
 g - 3 potions of heal wounds {unknown}


   Skills:
 + Level 3.7 Fighting
 + Level 3.5 Maces & Flails
 + Level 0.1 Armour
 + Level 2.7 Dodging
 + Level 2.4 Stealth


You had 2 spell levels left.
You didn't know any spells.
Your spell library was empty.

Dungeon Overview and Level Annotations

Branches:
Dungeon (2/15)

Altars:
Cheibriados


Innate Abilities, Weirdness & Mutations

You are immune to sickness and miasma.
Your stone body is resilient. (AC +3)
You are immune to poison.
You resist negative energy. (rN+)
You are resistant to electric shocks. (rElec)
You are resistant to unholy torment.
You are immune to petrification.


Message History

You completely miss the endoplasm. The endoplasm freezes you.
You are frozen.
The endoplasm hits you.
You hit the endoplasm. You freeze the endoplasm.
You kill the endoplasm!
Cheibriados thoroughly appreciates the change of pace.
No target in view!
No target in view!
No target in view!
No target in view!
No target in view!
No target in view!
No target in view!
You see here an adder skeleton.
You now have 83 gold pieces (gained 14).
Found a stone staircase leading up.
Found a stone staircase leading down.
There is a stone staircase leading down here.
Found 5 stones.
You now have 85 gold pieces (gained 2).
You open the door. 2 gnolls come into view.
The gnoll shouts! x2
Found a scroll labelled IVOYLU FO IMU.
A gnoll comes into view.
It is wielding a +0 flail of protection.
The gnoll closely misses you.
There is an open door here.
You closely miss the gnoll.
The gnoll shouts!
The gnoll closely misses you.
You hit the gnoll. You freeze the gnoll.
The gnoll is moderately wounded.
The gnoll hits you from afar with a +0 spear.
You hit the gnoll but do no damage.
The gnoll hits you from afar with a +0 spear.
The gnoll closely misses you. The gnoll barely misses you.
The gnoll hits you from afar with a +0 spear.
The gnoll attacks as you move away! The gnoll closely misses you.
The gnoll hits you with a +0 flail of protection!
You die...

#.#.#.# #.....#..........#
#.#.#.#######.##..........#
#.#(#.....................#
#.#.#########.###.........####
#.#.............+..........)..
###########.###.........####
#.# #.........# #.#
#.........# #@# ###########
#g# #g# #....?g....#
#..........# #..........#
#..........# #..........#
#..........#


You could see 3 gnolls.

Vanquished Creatures
  An adder (D:2)
  3 bats
  4 endoplasms
  2 giant cockroaches
  3 goblins
  3 hobgoblins
  A kobold (D:2)
  A quokka (D:1)
  2 ball pythons (D:1)
  2 rats
22 creatures vanquished.

Notes
Turn   | Place    | Note
-------+----------+-------------------------------------------
     0 | D:1      | purpskrrrp the Gargoyle Monk began the quest for the Orb.
     0 | D:1      | Reached XP level 1. HP: 14/14 MP: 1/1
   366 | D:1      | Reached XP level 2. HP: 19/19 MP: 2/2
   551 | D:1      | Found a faded altar of an unknown god.
   601 | D:1      | Prayed at the altar of an unknown god.
   601 | D:1      | Became a worshipper of Cheibriados the Contemplative
   601 | D:1      | Reached * piety under Cheibriados
   601 | D:1      | Reached ** piety under Cheibriados
  1283 | D:2      | Reached *** piety under Cheibriados
  1502 | D:2      | Reached XP level 3. HP: 24/24 MP: 3/3
  1959 | D:2      | Slain by a gnoll

Illustrated notes

Levels and vault maps discovered:
D:1:      dpeg_arrival_erosion, layout_basic, ebering_ecumenical_altar_abandoned
D:2:      layout_basic

Action                   || total
-------------------------++-------
Melee: Mace              ||    56
       Punch             ||     1
  Use: Scroll            ||     1
 Stab: Sleeping          ||     2
Armor: Robe              ||     5
       Scale mail        ||    13
Dodge: Dodged            ||    44

Table legend: (Time is in decaauts)
 A = Elapsed time spent in this place.
 B = Non-inter-level travel time spent in this place.
 C = Inter-level travel time spent in this place.
 D = Time resting spent in this place.
 E = Time spent auto-exploring this place.
 F = Levels seen in this place.
 G = Mean time per level.
                   A        B        C        D        E       F      G
               +--------+--------+--------+--------+--------+-----+--------+
         Total |   2649 |   2596 |     53 |      0 |   2364 |   2 | 1324.5 |
       Dungeon |   2649 |   2596 |     53 |      0 |   2364 |   2 | 1324.5 |
               +--------+--------+--------+--------+--------+-----+--------+

Top non-repeatable levels by time:
     D:1: 1614 daAuts
     D:2: 1034 daAuts
